 Dungeon Crawl Stone Soup version 0.30.0-29-ga12c61a403 (webtiles) character file.

Game seed: 884204374770349006

1257 cdecastro the Fighter (level 8, -3/67 HPs)
             Began as a Ghoul Fighter on June 20, 2023.
             Was a Believer of Hepliaklqana.
             Slain by a killer bee (6 damage)
             ... on level 5 of the Dungeon.
             The game lasted 00:10:44 (5098 turns).

cdecastro the Fighter (Ghoul Fighter)               Turns: 5098, Time: 00:10:45

Health: -3/67      AC: 14    Str: 22    XL:     8   Next: 51%
Magic:  6/7        EV:  6    Int:  3    God:    Hepliaklqana [**....]
Gold:   298        SH:  4    Dex:  8    Spells: 7/7 levels left

rFire   + .          .
                       - Unarmed
rCold   + . .        b - +0 buckler
rNeg    + + +        B - +0 plate armour
rPois   ∞            t - +0 helmet
rElec   .            (no cloak)
rCorr   .            (no gloves)
SInv    .            k - +0 pair of boots
Will    .....        (no amulet)
Stlth   x              - ring of protection from fire
HPRegen 0.00/turn    v - ring of flight
MPRegen 0.10/turn

%: no passive effects
@: flying, inhibited regen
A: reduced essence, claws 1, cold resistance 1, negative energy resistance 3,
inhibited regeneration, torment resistance 2, devour on kill
a: Renounce Religion, Recall Ancestor, Ancestor Identity


You were on level 5 of the Dungeon.
You worshipped Hepliaklqana.
Hepliaklqana was pleased with you.
You visited 1 branch of the dungeon, and saw 6 of its levels.

You collected 298 gold pieces.

Inventory:

Missiles
 D - a throwing net (quivered)
Armour
 a - a +0 scale mail
 b - a +0 buckler (worn)
 k - a +0 pair of boots (worn)
 m - a +1 ring mail of fire resistance
 t - a +0 helmet (worn)
 B - a +0 plate armour (worn)
Magical Staves
 y - a staff of fire
Jewellery
 l - a ring of magical power
 v - a ring of flight (right claw)
 x - a ring of protection from fire (left claw)
Wands
 s - a wand of charming (9)
Scrolls
 d - 2 scrolls of noise {unknown}
 e - 4 scrolls of identify {unknown}
 f - a scroll of poison {unknown}
 h - a scroll of magic mapping {unknown}
 i - 2 scrolls of enchant armour {unknown}
 o - a scroll of enchant weapon {unknown}
 p - a scroll of vulnerability {unknown}
 r - a scroll of silence {unknown}
 u - 2 scrolls of teleportation {unknown}
Potions
 c - a potion of might
 g - 4 potions of degeneration {unknown}
 j - 2 potions of haste {unknown}
 n - a potion of heal wounds {unknown}
 q - a potion of resistance {unknown}
 w - a potion of cancellation {unknown}
 z - 3 potions of curing
 A - a potion of berserk rage {unknown}
 C - a potion of mutation {unknown}


   Skills:
 + Level 8.4 Fighting
 - Level 5.0 Armour
 + Level 3.8 Shields
 - Level 5.1 Unarmed Combat


You had 7 spell levels left.
You didn't know any spells.
Your spell library contained the following spells:

 Spells                   Type           Power      Damage    Failure   Level
 Magic Dart               Conj           0%         1d3       100%        1
 Necrotise                Necr           0%         1d4       100%        1
 Blink                    Tloc           0%         N/A       100%        2
 Call Imp                 Summ           0%         N/A       100%        2
 Lesser Beckoning         Tloc           0%         N/A       100%        2
 Momentum Strike          Conj/Tloc      0%         3d8       100%        2
 Mephitic Cloud           Conj/Pois/Air  0%         N/A       100%        3
 Vampiric Draining        Necr           0%         2d6       100%        3
 Anguish                  Hex/Necr       0%         N/A       100%        4
 Cause Fear               Hex            0%         N/A       100%        4
 Agony                    Necr           0%         N/A       100%        5
 Alistair's Intoxication  Tmut/Pois      0%         N/A       100%        5
 Borgnjor's Vile Clutch   Necr/Erth      0%         N/A       100%        5
 Summon Forest            Summ/Tloc      0%         N/A       100%        5
 Summon Mana Viper        Hex/Summ       0%         N/A       100%        5
 Eringya's Noxious Bog    Tmut/Pois      0%         N/A       100%        6
 Summon Cactus Giant      Summ           0%         N/A       100%        6
 Enfeeble                 Hex            0%         N/A       100%        7


Dungeon Overview and Level Annotations

Branches:
Dungeon (6/15)
 Temple: D:4-7

Altars:
Dithmenos
Hepliaklqana
Qazlal
Trog
Xom

Annotations:
D:4 ice beast
D:5 3 runed translucent doors, 5155yf4g's ghost, amateur MiBe; Libra00's ghost, novice TrFi


Innate Abilities, Weirdness & Mutations

Your life essence is reduced to manifest your ancestor. (-10% HP)
You are immune to poison.
You have sharp fingernails.
Your flesh is cold resistant. (rC+)
You are immune to negative energy. (rN+++)
You do not regenerate when monsters are visible.
You are immune to unholy pain and torment.
You thrive by killing the living.


Message History

You claw the killer bee!
The killer bee is heavily wounded.
The killer bee stings you.
* * * LOW HITPOINT WARNING * * *
Hrodulf misses the killer bee.
Hrodulf hits the killer bee with a +0 dagger of draining.
The killer bee barely misses you.
You barely miss the killer bee.
The killer bee is heavily wounded.
The killer bee stings you but does no damage.
Hrodulf misses the killer bee.
Hrodulf hits the killer bee with a +0 dagger of draining!
The killer bee dies!
Unknown command.
You closely miss the killer bee.
The killer bee is heavily wounded.
The killer bee barely misses you.
The killer bee stings you but does no damage.
Hrodulf gestures at the killer bee while chanting.
The killer bee resists with significant effort.
Unknown command.
You claw the killer bee!
You kill the killer bee!
You feel better.
The killer bee stings you but does no damage.
Hrodulf closely misses the killer bee.
Hrodulf hits the killer bee with a +0 dagger of draining!
Hrodulf drains the killer bee.
The killer bee dies!
You barely miss the killer bee. The killer bee stings you.
* * * LOW HITPOINT WARNING * * *
The killer bee stings you but does no damage.
Unknown command.
You scratch the killer bee.
The killer bee is lightly wounded.
The killer bee stings you!
* * * LOW HITPOINT WARNING * * *
Hrodulf hits the killer bee but does no damage.
The killer bee stings you.
You die...

#.R.....#
##...)............♣♣♣♣
........##
##..>).......♣....♣♣♣
.###.....#
##..)........♣♣♣♣....
## ##....##
#.......#......♣♣♣...
## ##....#
#......####......♣♣♣♣
.# #....# #.....##
#..##...... .#
#....###...R##
#..##...### .##
##....#####y#
#.####.## #
..#####..### #@# #.#
### .#......## ### ###
#######.# .# ### ##


You could see the friendly Hrodulf the hexer and a killer bee (ally target).

Vanquished Creatures
  A water moccasin (D:5)
  3 ogres (D:5)
  A phantom (D:5)
  A gnoll sergeant (D:6)
  A kobold brigand (D:3)
  A killer bee (D:5)
  A howler monkey (D:5)
  An orc priest (D:2)
  A hound (D:4)
  An iguana (D:5)
  An orc wizard (D:2)
  A gnoll (D:6)
  4 adders
  5 worms
  12 orcs
  5 bats
  2 endoplasms (D:1)
  3 giant cockroaches
  4 goblins
  10 hobgoblins
  A quokka (D:2)
  7 ball pythons
  2 frilled lizards
  7 kobolds
  13 rats
89 creatures vanquished.

Vanquished Creatures (collateral kills)
  2 scorpions (D:5)
  3 killer bees
  A sleepcap (D:4)
  An iguana (D:5)
  4 gnolls (D:5)
  A shadow imp (D:5)
  A dart slug (D:5)
  An orc (D:5)
14 creatures vanquished.

Vanquished Creatures (others)
  An ancestor (D:5)
1 creature vanquished.

Grand Total: 104 creatures vanquished

Notes
Turn   | Place    | Note
-------+----------+-------------------------------------------
     0 | D:1      | cdecastro the Ghoul Fighter began the quest for the Orb.
     0 | D:1      | Reached XP level 1. HP: 19/19 MP: 0/0
   227 | D:1      | Reached XP level 2. HP: 26/26 MP: 1/1
   541 | D:1      | You fall into a shaft and drop 1 floor!
   648 | D:2      | Reached skill level 4 in Fighting
   648 | D:2      | Reached XP level 3. HP: 25/33 MP: 2/2
  1213 | D:2      | Reached XP level 4. HP: 41/41 MP: 3/3
  1343 | D:2      | Reached XP level 5. HP: 26/47 MP: 4/4
  1567 | D:3      | Reached skill level 5 in Fighting
  1633 | D:3      | Found a bloodstained altar of Trog.
  1633 | D:3      | Found a shadowy altar of Dithmenos.
  2147 | D:3      | Found a hazy altar of Hepliaklqana.
  2148 | D:3      | Found a faded altar of an unknown god.
  2148 | D:3      | Noticed a kobold brigand
  2163 | D:3      | Killed a kobold brigand
  2164 | D:3      | Reached XP level 6. HP: 43/56 MP: 5/5
  2208 | D:3      | Became a worshipper of Hepliaklqana the Forgotten
  2726 | D:4      | Noticed an ice beast
  2845 | D:4      | Reached skill level 5 in Unarmed Combat
  2965 | D:4      | Reached * piety under Hepliaklqana
  3204 | D:5      | Entered Level 5 of the Dungeon
  3217 | D:5      | Reached skill level 6 in Fighting
  3379 | D:5      | Found a runed translucent gate.
  3454 | D:5      | Found a runed translucent gate.
  3454 | D:5      | Found a runed translucent gate.
  3531 | D:5      | Reached XP level 7. HP: 57/57 MP: 6/6
  3774 | D:5      | Found a shimmering altar of Xom.
  3927 | D:5      | Found a stormy altar of Qazlal.
  3927 | D:5      | Reached ** piety under Hepliaklqana
  4191 | D:5      | Reached skill level 7 in Fighting
  4284 | D:5      | Reached XP level 8. HP: 26/65 MP: 7/7
  4701 | D:5      | Noticed Libra00's ghost (novice TrFi)
  4701 | D:5      | Noticed 5155yf4g's ghost (amateur MiBe)
  4730 | D:5      | Remembered your ancestor Hrodulf as a hexer
  4786 | D:5      | Reached skill level 5 in Armour
  5050 | D:6      | Reached skill level 8 in Fighting
  5098 | D:5      | HP: 3/67 [killer bee (7)]
  5098 | D:5      | Slain by a killer bee

Illustrated notes

Levels and vault maps discovered:
D:1:      lemuel_arrival_broad_hall, layout_loops_ring
D:2:      layout_basic, kennysheep_generic_room_2
D:3:      layout_basic, beargit_hepliaklqana_dungeon_heroes,
          gammafunk_temple_overflow_statue
D:4:      layout_layer_cave, serial_bayou, serial_bayou_pond_b,
          serial_bayou_pond_e, serial_bayou_lagoon_b, serial_bayou_pond_c
D:5:      layout_layer_cave, tgw_xom, mainiacjoe_overflow_24_doors,
          mainiacjoe_overflow_catch_the_wave, gammafunk_ghost_cemetery
D:6:      layout_basic, minmay_temple_entry_statues_pillars

Skill      XL: |  1  2  3  4  5  6  7  8 |
---------------+-------------------------+-----
Unarmed Combat | 3 4 5 |  5.1
Fighting       | 4 5 6 7 8 |  8.4
Armour         | 3 4 5 |  5.0
Shields        | 3 |  3.8

Action                     |  1- 3 |  4- 6 |  7- 9 || total
---------------------------+-------+-------+-------++-------
  Melee: Unarmed           |   103 |   167 |    96 ||   366
 Invoke: Recall Ancestor   |       |       |     3 ||     3
         Ancestor Life: He |       |       |     1 ||     1
 Armour: Scale mail        |    28 |    29 |       ||    57
         Ring mail         |       |    47 |     4 ||    51
         Plate armour      |       |       |    82 ||    82
  Dodge: Dodged            |    58 |    80 |    42 ||   180
  Block: Buckler           |    22 |    31 |    23 ||    76
